MapleLeafs vs Sabres

Created - October 15, 2015 at 19:23

Goals
1 2 3 T
MapleLeafs 2 0 3 5
Sabres 1 0 1 2
Shots
1 2 3 T
MapleLeafs 14 13 15 42
Sabres 9 7 18 34

1st period

1. MapleLeafs , Nick Leddy 2 (Michael Grabner, Petr Mrazek) at 3:40 (PP)
2. MapleLeafs , Gregory Campbell 1 (Milan Lucic, Jay Bouwmeester) at 4:33
3. Sabres , Nino Niederreiter 3 (Kyle Turris, Thomas Vanek) at 5:20 (PP)

Penalties :
Braydon Coburn (BUF) for Holding (Minor) at 3:20, Michael Del Zotto (TOR) for High sticking (Minor) at 4:40, Francois Beauchemin (BUF) for High sticking (Minor) at 16:28

2nd period

No Goal

Penalties :
Oliver Ekman-Larsson (BUF) for Hooking (Minor) at 0:20, Jamie Oleksiak (TOR) for Interference (Minor) at 10:09, Nick Holden (TOR) for Goalie Interference (Minor) at 16:59

3rd period

4. MapleLeafs , Michael Grabner 1 (Jay Bouwmeester, Nick Holden) at 1:14
5. MapleLeafs , Brock Nelson 2 (Frans Nielsen, Nick Leddy) at 3:04
6. MapleLeafs , Evander Kane 3 (Frans Nielsen, Jay Bouwmeester) at 11:27
7. Sabres , Jacob Josefson 1 (Kris Versteeg, Oliver Ekman-Larsson) at 16:56

Penalties :
Michael Del Zotto (TOR) for Goalie Interference (Minor) at 7:25, Brayden Schenn (BUF) for Hooking (Minor) at 19:00

Goalie Stats

Petr Mrazek (TOR), 32 saves from 34 shots - (0.941), W, 2-1-0, 60:00 minutes
Ondrej Pavelec (BUF), 37 saves from 42 shots - (0.881), L, 2-1-1, 60:00 minutes

Players Stats for MapleLeafs

Player Name              G  A  P  +/- PIM S  H  SB GA TA FO     MP     PP MP  PK MP  
------------------------------------------------------------------------------------
Alexei Emelin            0  0  0   0  0   0  0  0  0  0  0/0     0:00   0:00   0:00 
Brock Nelson             1  0  1   2  0   4  0  0  0  0  11/29  20:25   2:01   2:46 
David Clarkson           0  0  0  -1  0   4  3  0  0  0  9/18   15:39   0:00   0:00 
Devante Smith-Pelly      0  0  0  -1  0   4  0  1  0  0  5/14   20:02   3:06   3:37 
Eric Gelinas             0  0  0  -1  0   0  0  0  0  0  0/0    12:06   0:00   0:00 
Evander Kane             1  0  1   2  0   3  3  0  0  0  1/6    25:30   2:11   3:31 
Frans Nielsen            0  2  2   2  0   6  0  0  0  0  1/3    18:44   2:11   0:00 
Gregory Campbell         1  0  1   2  0   2  0  1  0  0  9/22   16:04   0:10   0:00 
Jamie Oleksiak           0  0  0  -1  2   0  3  1  0  0  0/0    14:23   0:00   2:18 
Jay Bouwmeester          0  3  3   3  0   4  0  2  0  0  0/0    21:14   2:34   2:31 
Jiri Sekac               0  0  0   0  0   0  0  0  0  0  0/0     3:15   0:00   0:00 
Matt Martin              0  0  0  -1  0   2  1  0  0  0  1/1    12:58   0:00   0:34 
Michael Del Zotto        0  0  0   1  4   1  2  3  0  0  0/0    24:59   2:43   2:27 
Michael Grabner          1  1  2   2  0   7  0  0  0  0  0/1    19:00   3:06   0:00 
Milan Lucic              0  1  1   2  0   3  1  1  0  0  1/2    21:46   3:06   2:46 
Nick Holden              0  1  1   3  2   0  1  0  0  0  0/0    20:34   2:34   1:52 
Nick Leddy               1  1  2   1  0   2  0  0  0  0  0/0    23:02   2:43   4:06 
Nikita Nikitin           0  0  0   0  0   0  0  0  0  0  0/0     3:38   0:00   0:00 

Players Stats for Sabres

Player Name              G  A  P  +/- PIM S  H  SB GA TA FO     MP     PP MP  PK MP  
------------------------------------------------------------------------------------
Brad Boyes               0  0  0  -1  0   4  0  1  0  0  7/12    9:14   0:00   4:12 
Brayden Schenn           0  0  0   1  2   2  3  0  0  0  1/1    11:06   0:00   0:44 
Braydon Coburn           0  0  0   0  2   0  1  0  0  0  0/0    15:51   2:43   0:00 
Daniel Winnik            0  0  0  -2  0   2  3  0  0  0  0/0    18:43   0:00   3:28 
Francois Beauchemin      0  0  0   0  2   0  1  0  0  0  0/0    23:47   3:54   1:48 
Jacob Josefson           1  0  1   1  0   4  0  0  0  0  13/19  11:28   0:00   1:05 
Johnny Oduya             0  0  0  -3  0   0  0  0  0  0  0/0    20:12   0:00   3:21 
Jonathan Huberdeau       0  0  0  -2  0   4  0  0  0  0  1/2    18:08   2:53   0:00 
Josh Gorges              0  0  0  -3  0   1  3  3  0  0  0/0    23:11   2:43   3:37 
Kris Versteeg            0  1  1   1  0   1  1  2  0  0  2/2    14:21   2:53   1:05 
Kyle Turris              0  1  1  -2  0   3  0  0  0  0  14/23  18:59   3:44   0:00 
Lars Eller               0  0  0  -1  0   1  0  0  0  0  0/0     5:02   0:00   0:00 
Nazem Kadri              0  0  0  -1  0   1  1  0  0  0  17/31  20:19   2:53   0:00 
Nino Niederreiter        1  0  1  -1  0   3  2  0  0  0  0/0    21:10   3:44   0:00 
Oliver Ekman-Larsson     0  1  1   0  2   1  4  0  0  0  0/0    23:47   3:54   1:48 
Paul Byron               0  0  0  -1  0   0  1  0  0  0  2/5     5:02   0:00   0:00 
Rasmus Ristolainen       0  0  0   0  0   0  0  1  0  0  0/0    13:09   0:00   0:00 
Thomas Vanek             0  1  1  -1  0   7  0  0  0  0  1/1    21:10   3:44   0:00 

3 Stars

1 - Jay Bouwmeester (TOR)
2 - Michael Grabner (TOR)
3 - Evander Kane (TOR)

Power Play

MapleLeafs - 1 on 4 Attempt(s) - 25.00%
Sabres - 1 on 4 Attempt(s) - 25.00%

Penalty Kill

MapleLeafs - 3 on 4 Attempt(s) - 75.00% - Score 0 goal in Penalty Kill
Sabres - 3 on 4 Attempt(s) - 75.00% - Score 0 goal in Penalty Kill

Team Stat

MapleLeafs - Hits : 14 - Faceoff Wins : 38 - Blocked Shots : 9 - Penalty Minutes : 8
Sabres - Hits : 20 - Faceoff Wins : 58 - Blocked Shots : 7 - Penalty Minutes : 8

Official

Referees : Wes McCauley and Trevor Hanson
Linesman : Scott Cherrey and Steve Miller

Game Notes

Brock Nelson is injured at 17:08 of 3rd period (Torso)

Finance

Level 1 -- Attendance: 6500 (100.00%) -- Ticket Income $585,000
Level 2 -- Attendance: 4883 (97.66%) -- Ticket Income $366,225
Level 3 -- Attendance: 3112 (88.91%) -- Ticket Income $171,160
Level 4 -- Attendance: 2863 (93.26%) -- Ticket Income $100,205
Luxury Box -- Attendance: 993 (99.30%) -- Ticket Income $198,600
Game was played at the First Niagara Center.
Total Attendance: 18351 (96.23%)
Total Ticket Income: $1,421,190
Other Income: $213,178
Total Income: $1,634,368

% Time on Ice - MapleLeafs

Lines # - Real PCT - Wanted PCT - Time Play
Normal Forward
1 - 34% - 40% - 16:33
2 - 33% - 30% - 15:54
3 - 26% - 20% - 12:24
4 - 7% - 10% - 3:15
Normal Defense
1 - 34% - 40% - 16:13
2 - 34% - 30% - 16:09
3 - 25% - 20% - 12:06
4 - 8% - 10% - 3:38
PP Forward
1 - 41% - 58% - 2:11
2 - 59% - 42% - 3:06
PP Defense
1 - 51% - 60% - 2:43
2 - 49% - 40% - 2:34
PK Forward
1 - 58% - 58% - 3:51
2 - 42% - 42% - 2:46
PK Defense
1 - 62% - 60% - 4:06
2 - 38% - 40% - 2:31
PK3 Forward
1 - 0% - 58%
2 - 0% - 42%
PK3 Defense
1 - 0% - 60%
2 - 0% - 40%
44 Forward
1 - 0% - 60%
2 - 0% - 40%
44 Defense
1 - 0% - 60%
2 - 0% - 40%
Last Minute Offensive  - 0:00
Last Minute Defensive  - 0:00
Total
Forward - 60:00
Defense - 60:00

% Time on Ice - Sabres

Lines # - Real PCT - Wanted PCT - Time Play
Normal Forward
1 - 36% - 40% - 17:26
2 - 32% - 30% - 15:15
3 - 22% - 20% - 10:23
4 - 10% - 10% - 5:02
Normal Defense
1 - 38% - 40% - 18:06
2 - 35% - 30% - 16:51
3 - 27% - 20% - 13:09
4 - 0% - 10% - 0:00
PP Forward
1 - 56% - 60% - 3:44
2 - 44% - 40% - 2:53
PP Defense
1 - 59% - 60% - 3:54
2 - 41% - 40% - 2:43
PK Forward
1 - 79% - 60% - 4:12
2 - 21% - 40% - 1:05
PK Defense
1 - 41% - 60% - 2:10
2 - 59% - 40% - 3:07
PK3 Forward
1 - 0% - 60%
2 - 0% - 40%
PK3 Defense
1 - 0% - 60%
2 - 0% - 40%
44 Forward
1 - 0% - 60%
2 - 0% - 40%
44 Defense
1 - 0% - 60%
2 - 0% - 40%
Last Minute Offensive  - 0:00
Last Minute Defensive  - 0:00
Total
Forward - 60:00
Defense - 60:00

Play by Play

1st period


0:01 of 1st period - Brock Nelson wins face-off versus Nazem Kadri in neutral zone.
0:34 of 1st period - Shot by Brock Nelson.
0:34 of 1st period - Stopped by Ondrej Pavelec without a rebound.
0:35 of 1st period - Kyle Turris wins face-off versus Gregory Campbell in Sabres zone.
1:08 of 1st period - Shot by Michael Grabner.
1:08 of 1st period - Stopped by Ondrej Pavelec with a rebound.
1:10 of 1st period - Shot by Milan Lucic.
1:10 of 1st period - Shot Misses the Net.
1:12 of 1st period - Shot by Milan Lucic.
1:12 of 1st period - Shot Blocked by Josh Gorges.
1:14 of 1st period - Shot by Michael Grabner.
1:14 of 1st period - Shot Misses the Net.
1:16 of 1st period - Shot by Jay Bouwmeester.
1:16 of 1st period - Stopped by Ondrej Pavelec with a rebound.
1:18 of 1st period - Shot by Michael Grabner.
1:18 of 1st period - Shot Misses the Net.
1:32 of 1st period - Shot by David Clarkson.
1:32 of 1st period - Stopped by Ondrej Pavelec with a rebound.
2:02 of 1st period - Shot by Devante Smith-Pelly.
2:02 of 1st period - Stopped by Ondrej Pavelec without a rebound.
2:03 of 1st period - Jacob Josefson wins face-off versus Brock Nelson in Sabres zone.
2:10 of 1st period - Michael Del Zotto is hit by Kris Versteeg and loses puck.
2:23 of 1st period - Shot by Frans Nielsen.
2:23 of 1st period - Shot Blocked by Kris Versteeg.
2:28 of 1st period - Frans Nielsen is hit by Braydon Coburn and loses puck.
3:13 of 1st period - Shot by Michael Grabner.
3:13 of 1st period - Shot Misses the Net.
3:15 of 1st period - Shot by Gregory Campbell.
3:15 of 1st period - Shot Misses the Net.
3:17 of 1st period - Shot by Michael Grabner.
3:17 of 1st period - Stopped by Ondrej Pavelec with a rebound.
3:20 of 1st period - Minor Penalty to Braydon Coburn for Holding.
3:21 of 1st period - Brad Boyes wins face-off versus Devante Smith-Pelly in Sabres zone.
3:40 of 1st period - Shot by Nick Leddy.
3:40 of 1st period - Goal by Nick Leddy - MapleLeafs : 1 - Sabres : 0.
3:41 of 1st period - Nazem Kadri wins face-off versus David Clarkson in neutral zone.
3:41 of 1st period - Nazem Kadri is hit by David Clarkson.
3:51 of 1st period - Shot by Nazem Kadri.
3:51 of 1st period - Shot Misses the Net.
4:02 of 1st period - Thomas Vanek is hit by Jamie Oleksiak and loses puck.
4:13 of 1st period - Shot by Thomas Vanek.
4:13 of 1st period - Deflect By Nino Niederreiter.
4:13 of 1st period - Shot Misses the Net.
4:15 of 1st period - Shot by Thomas Vanek.
4:15 of 1st period - Stopped by Petr Mrazek without a rebound.
4:16 of 1st period - Paul Byron wins face-off versus Gregory Campbell in MapleLeafs zone.
4:33 of 1st period - Shot by Gregory Campbell.
4:33 of 1st period - Goal by Gregory Campbell - MapleLeafs : 2 - Sabres : 0.
4:34 of 1st period - Kyle Turris wins face-off versus Brock Nelson in neutral zone.
4:40 of 1st period - Minor Penalty to Michael Del Zotto for High sticking.
4:41 of 1st period - Devante Smith-Pelly wins face-off versus Kyle Turris in MapleLeafs zone.
5:18 of 1st period - Shot by Nino Niederreiter.
5:18 of 1st period - Shot Misses the Net.
5:20 of 1st period - Shot by Nino Niederreiter.
5:20 of 1st period - Goal by Nino Niederreiter - MapleLeafs : 2 - Sabres : 1.
5:21 of 1st period - David Clarkson wins face-off versus Paul Byron in neutral zone.
5:38 of 1st period - Shot by Brad Boyes.
5:38 of 1st period - Stopped by Petr Mrazek with a rebound.
5:40 of 1st period - Shot by Johnny Oduya.
5:40 of 1st period - Shot Misses the Net.
5:42 of 1st period - Shot by Lars Eller.
5:42 of 1st period - Shot Misses the Net.
6:24 of 1st period - Shot by Kris Versteeg.
6:24 of 1st period - Shot Misses the Net.
6:35 of 1st period - Icing by Michael Del Zotto.
6:36 of 1st period - David Clarkson wins face-off versus Nazem Kadri in MapleLeafs zone.
6:36 of 1st period - David Clarkson is hit by Nino Niederreiter.
7:06 of 1st period - Icing by Braydon Coburn.
7:07 of 1st period - Gregory Campbell wins face-off versus Nazem Kadri in Sabres zone.
7:20 of 1st period - Shot by Eric Gelinas.
7:20 of 1st period - Shot Misses the Net.
7:29 of 1st period - Nino Niederreiter is hit by Jamie Oleksiak and loses puck.
7:42 of 1st period - Shot by Jonathan Huberdeau.
7:42 of 1st period - Stopped by Petr Mrazek without a rebound.
7:43 of 1st period - Brock Nelson wins face-off versus Jonathan Huberdeau in MapleLeafs zone.
7:49 of 1st period - Off-side.
7:50 of 1st period - Kyle Turris wins face-off versus Brock Nelson in neutral zone.
7:57 of 1st period - Shot by Daniel Winnik.
7:57 of 1st period - Stopped by Petr Mrazek with a rebound.
8:15 of 1st period - Shot by Frans Nielsen.
8:15 of 1st period - Deflect By Brock Nelson.
8:15 of 1st period - Stopped by Ondrej Pavelec without a rebound.
8:16 of 1st period - Jacob Josefson wins face-off versus Gregory Campbell in Sabres zone.
8:43 of 1st period - Shot by Brayden Schenn.
8:43 of 1st period - Stopped by Petr Mrazek with a rebound.
8:56 of 1st period - Shot by Brayden Schenn.
8:56 of 1st period - Shot Misses the Net.
8:58 of 1st period - Shot by Jacob Josefson.
8:58 of 1st period - Stopped by Petr Mrazek with a rebound.
9:00 of 1st period - Shot by Josh Gorges.
9:00 of 1st period - Shot Blocked by Michael Del Zotto.
9:54 of 1st period - Off-side.
9:55 of 1st period - Kyle Turris wins face-off versus Brock Nelson in neutral zone.
10:02 of 1st period - Shot by Kyle Turris.
10:02 of 1st period - Shot Misses the Net.
10:32 of 1st period - Icing by Braydon Coburn.
10:33 of 1st period - David Clarkson wins face-off versus Kyle Turris in Sabres zone.
11:36 of 1st period - Icing by David Clarkson.
11:37 of 1st period - David Clarkson wins face-off versus Paul Byron in MapleLeafs zone.
12:20 of 1st period - Shot by Frans Nielsen.
12:20 of 1st period - Stopped by Ondrej Pavelec with a rebound.
13:01 of 1st period - Shot by Milan Lucic.
13:01 of 1st period - Shot Misses the Net.
13:03 of 1st period - Shot by Michael Grabner.
13:03 of 1st period - Stopped by Ondrej Pavelec without a rebound.
13:04 of 1st period - Nazem Kadri wins face-off versus Evander Kane in Sabres zone.
13:04 of 1st period - Nazem Kadri is hit by Evander Kane.
13:07 of 1st period - Oliver Ekman-Larsson is hit by David Clarkson and loses puck.
13:28 of 1st period - Icing by Francois Beauchemin.
13:29 of 1st period - Gregory Campbell wins face-off versus Nazem Kadri in Sabres zone.
13:29 of 1st period - Gregory Campbell is hit by Oliver Ekman-Larsson.
13:37 of 1st period - Shot by Michael Grabner.
13:37 of 1st period - Shot Misses the Net.
13:47 of 1st period - Shot by Thomas Vanek.
13:47 of 1st period - Stopped by Petr Mrazek without a rebound.
13:48 of 1st period - Brock Nelson wins face-off versus Kyle Turris in MapleLeafs zone.
15:15 of 1st period - Michael Del Zotto is hit by Daniel Winnik and loses puck.
16:00 of 1st period - Shot by David Clarkson.
16:00 of 1st period - Stopped by Ondrej Pavelec without a rebound.
16:01 of 1st period - Nazem Kadri wins face-off versus Brock Nelson in Sabres zone.
16:01 of 1st period - Nazem Kadri is hit by Evander Kane.
16:04 of 1st period - Icing by Oliver Ekman-Larsson.
16:05 of 1st period - Brock Nelson wins face-off versus Nazem Kadri in Sabres zone.
16:28 of 1st period - Minor Penalty to Francois Beauchemin for High sticking.
16:29 of 1st period - Jacob Josefson wins face-off versus Devante Smith-Pelly in Sabres zone.
16:38 of 1st period - Shot by Kris Versteeg.
16:38 of 1st period - Shot Misses the Net.
16:40 of 1st period - Shot by Jacob Josefson.
16:40 of 1st period - Stopped by Petr Mrazek without a rebound.
16:41 of 1st period - Brad Boyes wins face-off versus Brock Nelson in MapleLeafs zone.
17:05 of 1st period - Icing by Nick Leddy.
17:06 of 1st period - Brad Boyes wins face-off versus Brock Nelson in MapleLeafs zone.
17:23 of 1st period - Shot by Frans Nielsen.
17:23 of 1st period - Shot Misses the Net.
17:25 of 1st period - Shot by Nick Leddy.
17:25 of 1st period - Shot Blocked by Brad Boyes.
17:27 of 1st period - Shot by Nick Leddy.
17:27 of 1st period - Stopped by Ondrej Pavelec without a rebound.
17:28 of 1st period - Devante Smith-Pelly wins face-off versus Brad Boyes in Sabres zone.
17:35 of 1st period - Shot by Jay Bouwmeester.
17:35 of 1st period - Stopped by Ondrej Pavelec without a rebound.
17:36 of 1st period - Milan Lucic wins face-off versus Brad Boyes in Sabres zone.
19:43 of 1st period - Johnny Oduya is hit by Milan Lucic and loses puck.
Goals for this period are 2 for MapleLeafs vs 1 for Sabres.
Shots for this period are 14 for MapleLeafs vs 9 for Sabres.

2nd period


0:01 of 2nd period - Nazem Kadri wins face-off versus Brock Nelson in neutral zone.
0:09 of 2nd period - Frans Nielsen is hit by Francois Beauchemin and loses puck.
0:20 of 2nd period - Shot by Evander Kane.
0:20 of 2nd period - Stopped by Ondrej Pavelec without a rebound.
0:20 of 2nd period - Minor Penalty to Oliver Ekman-Larsson for Hooking.
0:21 of 2nd period - Brad Boyes wins face-off versus Devante Smith-Pelly in Sabres zone.
0:49 of 2nd period - Icing by Nick Holden.
0:50 of 2nd period - Devante Smith-Pelly wins face-off versus Brad Boyes in MapleLeafs zone.
1:05 of 2nd period - Shot by Daniel Winnik.
1:05 of 2nd period - Shot Misses the Net.
1:07 of 2nd period - Shot by Josh Gorges.
1:07 of 2nd period - Stopped by Petr Mrazek without a rebound.
1:08 of 2nd period - Brock Nelson wins face-off versus Jacob Josefson in MapleLeafs zone.
1:10 of 2nd period - Icing by Evander Kane.
1:11 of 2nd period - Brad Boyes wins face-off versus Brock Nelson in MapleLeafs zone.
1:20 of 2nd period - Shot by Brad Boyes.
1:20 of 2nd period - Stopped by Petr Mrazek without a rebound.
1:21 of 2nd period - Brock Nelson wins face-off versus Brad Boyes in MapleLeafs zone.
1:30 of 2nd period - Shot by Michael Del Zotto.
1:30 of 2nd period - Shot Misses the Net.
2:21 of 2nd period - Off-side.
2:22 of 2nd period - Gregory Campbell wins face-off versus Nazem Kadri in neutral zone.
2:43 of 2nd period - Shot by Nino Niederreiter.
2:43 of 2nd period - Shot Blocked by Gregory Campbell.
2:59 of 2nd period - Shot by Nazem Kadri.
2:59 of 2nd period - Shot Misses the Net.
3:02 of 2nd period - Icing by Michael Grabner.
3:03 of 2nd period - Gregory Campbell wins face-off versus Jacob Josefson in MapleLeafs zone.
3:09 of 2nd period - Icing by Jay Bouwmeester.
3:10 of 2nd period - Kris Versteeg wins face-off versus Gregory Campbell in MapleLeafs zone.
3:16 of 2nd period - Icing by Nick Holden.
3:17 of 2nd period - Gregory Campbell wins face-off versus Jacob Josefson in MapleLeafs zone.
3:21 of 2nd period - Jay Bouwmeester is hit by Oliver Ekman-Larsson and loses puck.
3:30 of 2nd period - Shot by Michael Grabner.
3:30 of 2nd period - Stopped by Ondrej Pavelec without a rebound.
3:31 of 2nd period - Nazem Kadri wins face-off versus Brock Nelson in Sabres zone.
3:57 of 2nd period - Shot by Thomas Vanek.
3:57 of 2nd period - Stopped by Petr Mrazek without a rebound.
3:58 of 2nd period - Kyle Turris wins face-off versus David Clarkson in MapleLeafs zone.
3:58 of 2nd period - Daniel Winnik is hit by Jamie Oleksiak and loses puck.
4:31 of 2nd period - Shot by Devante Smith-Pelly.
4:31 of 2nd period - Stopped by Ondrej Pavelec without a rebound.
4:32 of 2nd period - Nazem Kadri wins face-off versus Brock Nelson in Sabres zone.
5:29 of 2nd period - Icing by Michael Del Zotto.
5:30 of 2nd period - Jacob Josefson wins face-off versus Brock Nelson in MapleLeafs zone.
6:17 of 2nd period - Off-side.
6:18 of 2nd period - Kyle Turris wins face-off versus Gregory Campbell in neutral zone.
6:43 of 2nd period - Shot by Michael Grabner.
6:43 of 2nd period - Shot Misses the Net.
6:51 of 2nd period - Shot by Michael Grabner.
6:51 of 2nd period - Deflect By Milan Lucic.
6:51 of 2nd period - Stopped by Ondrej Pavelec without a rebound.
6:52 of 2nd period - Nazem Kadri wins face-off versus David Clarkson in Sabres zone.
7:12 of 2nd period - Shot by David Clarkson.
7:12 of 2nd period - Stopped by Ondrej Pavelec without a rebound.
7:13 of 2nd period - Jacob Josefson wins face-off versus Brock Nelson in Sabres zone.
8:23 of 2nd period - Shot by Thomas Vanek.
8:23 of 2nd period - Stopped by Petr Mrazek without a rebound.
8:24 of 2nd period - David Clarkson wins face-off versus Nazem Kadri in MapleLeafs zone.
8:55 of 2nd period - Shot by Nazem Kadri.
8:55 of 2nd period - Shot Misses the Net.
8:57 of 2nd period - Shot by Nino Niederreiter.
8:57 of 2nd period - Stopped by Petr Mrazek without a rebound.
8:58 of 2nd period - Gregory Campbell wins face-off versus Kyle Turris in MapleLeafs zone.
9:34 of 2nd period - Shot by Michael Grabner.
9:34 of 2nd period - Stopped by Ondrej Pavelec without a rebound.
9:35 of 2nd period - Nazem Kadri wins face-off versus Frans Nielsen in Sabres zone.
9:58 of 2nd period - Shot by Frans Nielsen.
9:58 of 2nd period - Deflect By Brock Nelson.
9:58 of 2nd period - Shot Misses the Net.
10:00 of 2nd period - Shot by Frans Nielsen.
10:00 of 2nd period - Stopped by Ondrej Pavelec without a rebound.
10:01 of 2nd period - David Clarkson wins face-off versus Paul Byron in Sabres zone.
10:09 of 2nd period - Minor Penalty to Jamie Oleksiak for Interference.
10:10 of 2nd period - Kyle Turris wins face-off versus Devante Smith-Pelly in MapleLeafs zone.
10:11 of 2nd period - Shot by Thomas Vanek.
10:11 of 2nd period - Stopped by Petr Mrazek with a rebound.
10:48 of 2nd period - Shot by Thomas Vanek.
10:48 of 2nd period - Shot Blocked by Michael Del Zotto.
10:50 of 2nd period - Shot by Oliver Ekman-Larsson.
10:50 of 2nd period - Shot Blocked by Devante Smith-Pelly.
10:52 of 2nd period - Shot by Francois Beauchemin.
10:52 of 2nd period - Shot Misses the Net.
10:54 of 2nd period - Shot by Nino Niederreiter.
10:54 of 2nd period - Shot Blocked by Michael Del Zotto.
11:20 of 2nd period - Shot by Jonathan Huberdeau.
11:20 of 2nd period - Shot Misses the Net.
12:35 of 2nd period - Icing by Eric Gelinas.
12:36 of 2nd period - Gregory Campbell wins face-off versus Jacob Josefson in MapleLeafs zone.
12:36 of 2nd period - Gregory Campbell is hit by Brayden Schenn.
12:39 of 2nd period - Milan Lucic is hit by Brayden Schenn and loses puck.
13:09 of 2nd period - Shot by Rasmus Ristolainen.
13:09 of 2nd period - Shot Misses the Net.
13:23 of 2nd period - Shot by Evander Kane.
13:23 of 2nd period - Deflect By Frans Nielsen.
13:23 of 2nd period - Stopped by Ondrej Pavelec without a rebound.
13:24 of 2nd period - Nazem Kadri wins face-off versus David Clarkson in Sabres zone.
13:24 of 2nd period - Nino Niederreiter is hit by David Clarkson and loses puck.
13:31 of 2nd period - Shot by Devante Smith-Pelly.
13:31 of 2nd period - Stopped by Ondrej Pavelec with a rebound.
13:39 of 2nd period - Shot by Devante Smith-Pelly.
13:39 of 2nd period - Stopped by Ondrej Pavelec without a rebound.
13:40 of 2nd period - Brock Nelson wins face-off versus Kyle Turris in Sabres zone.
13:50 of 2nd period - Icing by Johnny Oduya.
13:51 of 2nd period - Jonathan Huberdeau wins face-off versus David Clarkson in Sabres zone.
14:46 of 2nd period - Kyle Turris is hit by Matt Martin and loses puck.
15:24 of 2nd period - Shot by Brock Nelson.
15:24 of 2nd period - Shot Misses the Net.
15:26 of 2nd period - Shot by Evander Kane.
15:26 of 2nd period - Shot Misses the Net.
15:50 of 2nd period - Shot by Milan Lucic.
15:50 of 2nd period - Shot Misses the Net.
16:04 of 2nd period - Shot by Michael Grabner.
16:04 of 2nd period - Stopped by Ondrej Pavelec with a rebound.
16:22 of 2nd period - Shot by Milan Lucic.
16:22 of 2nd period - Stopped by Ondrej Pavelec without a rebound.
16:23 of 2nd period - Jacob Josefson wins face-off versus Evander Kane in Sabres zone.
16:59 of 2nd period - Minor Penalty to Nick Holden for Goalie Interference.
17:00 of 2nd period - Matt Martin wins face-off versus Nazem Kadri in MapleLeafs zone.
17:37 of 2nd period - Shot by Milan Lucic.
17:37 of 2nd period - Stopped by Ondrej Pavelec without a rebound.
17:38 of 2nd period - Devante Smith-Pelly wins face-off versus Kyle Turris in Sabres zone.
17:38 of 2nd period - Jay Bouwmeester is hit by Oliver Ekman-Larsson and loses puck.
17:46 of 2nd period - Off-side.
17:47 of 2nd period - Kyle Turris wins face-off versus Devante Smith-Pelly in neutral zone.
17:52 of 2nd period - Shot by Oliver Ekman-Larsson.
17:52 of 2nd period - Shot Misses the Net.
17:54 of 2nd period - Shot by Nino Niederreiter.
17:54 of 2nd period - Shot Misses the Net.
18:48 of 2nd period - Shot by Jonathan Huberdeau.
18:48 of 2nd period - Stopped by Petr Mrazek without a rebound.
18:49 of 2nd period - Kris Versteeg wins face-off versus Devante Smith-Pelly in MapleLeafs zone.
19:02 of 2nd period - Shot by Nazem Kadri.
19:02 of 2nd period - Deflect By Paul Byron.
19:02 of 2nd period - Shot Misses the Net.
19:41 of 2nd period - Devante Smith-Pelly is hit by Paul Byron and loses puck.
Goals for this period are 0 for MapleLeafs vs 0 for Sabres.
Shots for this period are 13 for MapleLeafs vs 7 for Sabres.

3rd period


0:01 of 3rd period - Brock Nelson wins face-off versus Nazem Kadri in neutral zone.
1:14 of 3rd period - Shot by Michael Grabner.
1:14 of 3rd period - Goal by Michael Grabner - MapleLeafs : 3 - Sabres : 1.
1:15 of 3rd period - Jacob Josefson wins face-off versus David Clarkson in neutral zone.
1:20 of 3rd period - Jamie Oleksiak is hit by Brayden Schenn and loses puck.
1:37 of 3rd period - Shot by Devante Smith-Pelly.
1:37 of 3rd period - Shot Blocked by Kris Versteeg.
2:15 of 3rd period - Shot by Milan Lucic.
2:15 of 3rd period - Shot Blocked by Rasmus Ristolainen.
2:17 of 3rd period - Shot by Jay Bouwmeester.
2:17 of 3rd period - Stopped by Ondrej Pavelec without a rebound.
2:18 of 3rd period - Kyle Turris wins face-off versus Brock Nelson in Sabres zone.
2:20 of 3rd period - Icing by Jonathan Huberdeau.
2:21 of 3rd period - Brock Nelson wins face-off versus Kyle Turris in Sabres zone.
2:49 of 3rd period - Icing by Michael Del Zotto.
2:50 of 3rd period - Nazem Kadri wins face-off versus Brock Nelson in MapleLeafs zone.
2:50 of 3rd period - Nino Niederreiter is hit by Michael Del Zotto and loses puck.
3:00 of 3rd period - Shot by Brock Nelson.
3:00 of 3rd period - Stopped by Ondrej Pavelec with a rebound.
3:02 of 3rd period - Shot by Frans Nielsen.
3:02 of 3rd period - Shot Blocked by Josh Gorges.
3:04 of 3rd period - Shot by Brock Nelson.
3:04 of 3rd period - Goal by Brock Nelson - MapleLeafs : 4 - Sabres : 1.
3:05 of 3rd period - Brad Boyes wins face-off versus Gregory Campbell in neutral zone.
3:24 of 3rd period - Shot by Lars Eller.
3:24 of 3rd period - Shot Misses the Net.
3:26 of 3rd period - Shot by Brad Boyes.
3:26 of 3rd period - Stopped by Petr Mrazek without a rebound.
3:27 of 3rd period - Nazem Kadri wins face-off versus David Clarkson in MapleLeafs zone.
4:29 of 3rd period - Shot by Jonathan Huberdeau.
4:29 of 3rd period - Stopped by Petr Mrazek without a rebound.
4:30 of 3rd period - Jacob Josefson wins face-off versus Brock Nelson in MapleLeafs zone.
4:49 of 3rd period - Braydon Coburn is hit by Evander Kane and loses puck.
5:53 of 3rd period - Shot by Kyle Turris.
5:53 of 3rd period - Stopped by Petr Mrazek without a rebound.
5:54 of 3rd period - Nazem Kadri wins face-off versus David Clarkson in MapleLeafs zone.
6:05 of 3rd period - Shot by Thomas Vanek.
6:05 of 3rd period - Shot Misses the Net.
6:07 of 3rd period - Shot by Nazem Kadri.
6:07 of 3rd period - Shot Blocked by Jay Bouwmeester.
7:12 of 3rd period - Shot by Daniel Winnik.
7:12 of 3rd period - Stopped by Petr Mrazek without a rebound.
7:13 of 3rd period - Jacob Josefson wins face-off versus Brock Nelson in MapleLeafs zone.
7:20 of 3rd period - Shot by Kris Versteeg.
7:20 of 3rd period - Stopped by Petr Mrazek without a rebound.
7:21 of 3rd period - Evander Kane wins face-off versus Jacob Josefson in MapleLeafs zone.
7:25 of 3rd period - Minor Penalty to Michael Del Zotto for Goalie Interference.
7:26 of 3rd period - Kyle Turris wins face-off versus Devante Smith-Pelly in MapleLeafs zone.
7:41 of 3rd period - Shot by Oliver Ekman-Larsson.
7:41 of 3rd period - Stopped by Petr Mrazek with a rebound.
7:43 of 3rd period - Shot by Kyle Turris.
7:43 of 3rd period - Stopped by Petr Mrazek with a rebound.
8:00 of 3rd period - Shot by Kyle Turris.
8:00 of 3rd period - Stopped by Petr Mrazek without a rebound.
8:01 of 3rd period - Nazem Kadri wins face-off versus Milan Lucic in MapleLeafs zone.
8:10 of 3rd period - Shot by Jonathan Huberdeau.
8:10 of 3rd period - Stopped by Petr Mrazek without a rebound.
8:11 of 3rd period - Nazem Kadri wins face-off versus Devante Smith-Pelly in MapleLeafs zone.
9:25 of 3rd period - Shot by Nino Niederreiter.
9:25 of 3rd period - Stopped by Petr Mrazek without a rebound.
9:26 of 3rd period - Paul Byron wins face-off versus Evander Kane in MapleLeafs zone.
9:31 of 3rd period - Shot by Lars Eller.
9:31 of 3rd period - Deflect By Brad Boyes.
9:31 of 3rd period - Stopped by Petr Mrazek with a rebound.
9:55 of 3rd period - Shot by Lars Eller.
9:55 of 3rd period - Stopped by Petr Mrazek without a rebound.
9:56 of 3rd period - Gregory Campbell wins face-off versus Nazem Kadri in MapleLeafs zone.
10:03 of 3rd period - Shot by Gregory Campbell.
10:03 of 3rd period - Stopped by Ondrej Pavelec without a rebound.
10:04 of 3rd period - Gregory Campbell wins face-off versus Nazem Kadri in Sabres zone.
10:08 of 3rd period - Icing by Nazem Kadri.
10:09 of 3rd period - Nazem Kadri wins face-off versus Gregory Campbell in Sabres zone.
10:14 of 3rd period - Michael Grabner is hit by Nazem Kadri and loses puck.
10:34 of 3rd period - Nick Leddy is hit by Nino Niederreiter and loses puck.
11:27 of 3rd period - Shot by Evander Kane.
11:27 of 3rd period - The goal is going for a video replay.
11:27 of 3rd period - The goal is good.
11:27 of 3rd period - Goal by Evander Kane - MapleLeafs : 5 - Sabres : 1.
11:28 of 3rd period - David Clarkson wins face-off versus Jacob Josefson in neutral zone.
11:47 of 3rd period - Shot by Matt Martin.
11:47 of 3rd period - Stopped by Ondrej Pavelec with a rebound.
11:49 of 3rd period - Shot by David Clarkson.
11:49 of 3rd period - Stopped by Ondrej Pavelec without a rebound.
11:50 of 3rd period - Brock Nelson wins face-off versus Kyle Turris in Sabres zone.
12:04 of 3rd period - Brock Nelson is hit by Daniel Winnik.
12:30 of 3rd period - Brock Nelson is hit by Daniel Winnik.
12:51 of 3rd period - Off-side.
12:52 of 3rd period - Jacob Josefson wins face-off versus Gregory Campbell in neutral zone.
12:54 of 3rd period - Off-side.
12:55 of 3rd period - Nazem Kadri wins face-off versus Gregory Campbell in neutral zone.
12:59 of 3rd period - Nazem Kadri is hit by Michael Del Zotto and loses puck.
13:28 of 3rd period - Icing by Nino Niederreiter.
13:29 of 3rd period - David Clarkson wins face-off versus Nazem Kadri in Sabres zone.
13:44 of 3rd period - Shot by Matt Martin.
13:44 of 3rd period - Stopped by Ondrej Pavelec without a rebound.
13:45 of 3rd period - Frans Nielsen wins face-off versus Kyle Turris in Sabres zone.
14:11 of 3rd period - Shot by Evander Kane.
14:11 of 3rd period - Stopped by Ondrej Pavelec without a rebound.
14:12 of 3rd period - Brayden Schenn wins face-off versus Gregory Campbell in Sabres zone.
14:21 of 3rd period - Shot by Brayden Schenn.
14:21 of 3rd period - Stopped by Petr Mrazek without a rebound.
14:22 of 3rd period - David Clarkson wins face-off versus Nazem Kadri in MapleLeafs zone.
14:35 of 3rd period - Nick Leddy is hit by Oliver Ekman-Larsson and loses puck.
14:54 of 3rd period - Shot by Thomas Vanek.
14:54 of 3rd period - Shot Misses the Net.
14:56 of 3rd period - Shot by Thomas Vanek.
14:56 of 3rd period - Stopped by Petr Mrazek without a rebound.
14:57 of 3rd period - Kyle Turris wins face-off versus Evander Kane in MapleLeafs zone.
14:57 of 3rd period - Jonathan Huberdeau is hit by Nick Holden and loses puck.
15:07 of 3rd period - Evander Kane is hit by Josh Gorges and loses puck.
15:24 of 3rd period - Shot by Frans Nielsen.
15:24 of 3rd period - Stopped by Ondrej Pavelec without a rebound.
15:25 of 3rd period - Jacob Josefson wins face-off versus Gregory Campbell in Sabres zone.
15:38 of 3rd period - Shot by Jacob Josefson.
15:38 of 3rd period - Stopped by Petr Mrazek without a rebound.
15:39 of 3rd period - Thomas Vanek wins face-off versus Evander Kane in MapleLeafs zone.
15:48 of 3rd period - Shot by Thomas Vanek.
15:48 of 3rd period - Stopped by Petr Mrazek without a rebound.
15:49 of 3rd period - Kyle Turris wins face-off versus Brock Nelson in MapleLeafs zone.
16:20 of 3rd period - Shot by Evander Kane.
16:20 of 3rd period - Deflect By Frans Nielsen.
16:20 of 3rd period - Stopped by Ondrej Pavelec without a rebound.
16:21 of 3rd period - Nazem Kadri wins face-off versus Gregory Campbell in Sabres zone.
16:36 of 3rd period - Shot by Nazem Kadri.
16:36 of 3rd period - Stopped by Petr Mrazek without a rebound.
16:37 of 3rd period - Jacob Josefson wins face-off versus David Clarkson in MapleLeafs zone.
16:42 of 3rd period - Shot by Brayden Schenn.
16:42 of 3rd period - Shot Misses the Net.
16:54 of 3rd period - Shot by Kris Versteeg.
16:54 of 3rd period - Shot Blocked by Jamie Oleksiak.
16:56 of 3rd period - Shot by Jacob Josefson.
16:56 of 3rd period - Goal by Jacob Josefson - MapleLeafs : 5 - Sabres : 2.
16:57 of 3rd period - Brock Nelson wins face-off versus Nazem Kadri in neutral zone.
17:07 of 3rd period - Brock Nelson is hit by Josh Gorges and loses puck.
17:08 of 3rd period - Brock Nelson from MapleLeafs is injured at 17:08 of 3rd period (Torso).
17:09 of 3rd period - Kyle Turris wins face-off versus Gregory Campbell in Sabres zone.
17:24 of 3rd period - Shot by Jonathan Huberdeau.
17:24 of 3rd period - Shot Blocked by Jay Bouwmeester.
17:45 of 3rd period - Icing by Jonathan Huberdeau.
17:46 of 3rd period - Kyle Turris wins face-off versus Frans Nielsen in Sabres zone.
18:01 of 3rd period - Shot by Frans Nielsen.
18:01 of 3rd period - Stopped by Ondrej Pavelec with a rebound.
18:57 of 3rd period - Icing by Milan Lucic.
18:58 of 3rd period - Jacob Josefson wins face-off versus Michael Grabner in MapleLeafs zone.
18:59 of 3rd period - Shot by Brayden Schenn.
18:59 of 3rd period - Shot Blocked by Milan Lucic.
19:00 of 3rd period - Minor Penalty to Brayden Schenn for Hooking.
19:01 of 3rd period - Brad Boyes wins face-off versus Devante Smith-Pelly in Sabres zone.
19:13 of 3rd period - Icing by Devante Smith-Pelly.
19:14 of 3rd period - Devante Smith-Pelly wins face-off versus Brad Boyes in MapleLeafs zone.
19:21 of 3rd period - Shot by Jay Bouwmeester.
19:21 of 3rd period - Stopped by Ondrej Pavelec with a rebound.
19:23 of 3rd period - Shot by Michael Grabner.
19:23 of 3rd period - Shot Misses the Net.
19:25 of 3rd period - Shot by Jay Bouwmeester.
19:25 of 3rd period - Shot Misses the Net.
19:35 of 3rd period - Michael Grabner is hit by Josh Gorges.
19:45 of 3rd period - Shot by Jay Bouwmeester.
19:45 of 3rd period - Shot Blocked by Josh Gorges.
19:55 of 3rd period - Shot by Michael Del Zotto.
19:55 of 3rd period - Stopped by Ondrej Pavelec with a rebound.
Goals for this period are 3 for MapleLeafs vs 1 for Sabres.
Shots for this period are 15 for MapleLeafs vs 18 for Sabres.